 Dungeon Crawl Stone Soup version 0.18.1-50-g88ac8fd (webtiles) character file.

385 Korbac the Ruffian (level 6, -5/53 (55) HPs)
             Began as a Ghoul Berserker on Oct 15, 2016.
             Was a Believer of Trog.
             Slain by a slave (7 damage)
             ... led by Pikel
             ... on level 4 of the Dungeon on Oct 16, 2016.
             The game lasted 00:13:57 (2158 turns).

Korbac the Ruffian (Ghoul Berserker)                Turns: 2158, Time: 00:13:57

HP:   -5/53 (55)    AC:  3    Str: 22    XL:     6   Next: 77%
MP:   5/5           EV: 12    Int:  3    God:    Trog [**....]
Gold: 187           SH:  0    Dex:  8    Spells: 0 memorised, 5 levels left

rFire  + . .     SeeInvis .       - Unarmed
rCold  + + .     Gourm    .     g - +0 leather armour
rNeg   + + +     Faith    .     (no shield)
rPois  ∞         Spirit   .     (no helmet)
rElec  .         Dismiss  .     (no cloak)
rCorr  .         Reflect  .     (no gloves)
SustAt .         Harm     .     (no boots)
MR     .....                    (no amulet)
Stlth  ..........               k - ring of protection from fire
                                f - ring of protection from cold

@: confused, rotting, not resistant to hostile enchantments, extremely
unstealthy
A: rotting body, claws 1, carnivore 3, cold resistance 1, negative energy
resistance 3, slow regeneration 1, torment resistance, unbreathing
a: Trog's Hand, Burn Spellbooks, Renounce Religion


You were on level 4 of the Dungeon.
You worshipped Trog.
Trog was pleased with you.
You were not hungry.

You visited 1 branch of the dungeon, and saw 5 of its levels.

You collected 187 gold pieces.

Inventory:

Armour
 a - a +0 animal skin
 g - a +0 leather armour (worn)
Jewellery
 f - a ring of protection from cold (left claw)
 i - an uncursed ring of stealth {unknown}
 k - a ring of protection from fire (right claw)
Scrolls
 c - a scroll of teleportation {unknown}
 h - 2 scrolls of remove curse
 l - 2 scrolls of identify
Potions
 d - a potion of resistance
 e - a potion of curing {unknown}
 j - a potion of lignification {unknown}
 n - a potion of ambrosia {unknown}
Comestibles
 b - 4 meat rations


   Skills:
 * Level 4.9 Fighting
 + Level 2.4 Armour
 + Level 3.3 Dodging
 - Level 0.2 Stealth
 * Level 5.8 Unarmed Combat


You had 5 spell levels left.
You didn't know any spells.

Dungeon Overview and Level Annotations

Branches:
Dungeon (5/15)
 Temple: D:4-7

Altars:
Dithmenos
Pakellas

Annotations:
D:4 Pikel


Innate Abilities, Weirdness & Mutations

Your body is rotting away.
You thrive on raw meat.
You are immune to poison.
You have sharp fingernails.
You are carnivorous and can eat meat at any time.
Your flesh is cold resistant.
You are immune to negative energy.
You regenerate slowly when monsters are visible.
You are immune to unholy pain and torment.
You can survive without breathing.


Message History

Pikel zaps a wand.
Your will is overpowered!
You are confused.
There is a stone staircase leading up here.
The slave hits you.
* * * LOW HITPOINT WARNING * * *
In your confused state, you trip and fall back down the stairs.
* * * LOW HITPOINT WARNING * * *
The slave barely misses you. Pikel misses you.
Unknown command.
You feel less confused. The slave hits you but does no damage.
Pikel hits you with a whip of flaming.
* * * LOW HITPOINT WARNING * * *
You climb upwards.
There is a stone staircase leading down here.
Drink which item? (? for menu, Esc to quit)
Okay, then.
Pikel zaps a wand.
Your will is overpowered!
You are confused.
You barely miss the slave. The slave hits you!
You die...

##....................#
#...................##
##......##...........#
#......#####..#######
##.....# #..# #.....#
##.# ##....# ##.######
#....#####.......##
##...##...>.@.....#
#...#......p.....##
##..#........K....#
#......<.........#
#................#
###...............##
####.................#
#(....###...........##
#.##### #####......##


You could see Pikel and a slave.

Vanquished Creatures
  A phantom (D:4)
  A slave (D:5)
  An ogre (D:4)
  A centaur skeleton (D:4)
  A hound (D:4)
  An orc priest (D:3)
  An iguana (D:4)
  3 gnolls (D:3)
  An adder (D:3)
  A worm (D:2)
  3 giant geckos
  6 orcs (D:3)
  4 giant cockroaches
  4 goblins
  5 hobgoblins
  7 jackals
  2 quokkas
  6 bats
  A giant gecko skeleton (D:4)
  2 giant newts
  3 kobolds
  A rat (D:1)
56 creatures vanquished.

Notes
Turn   | Place    | Note
--------------------------------------------------------------
     0 | D:1      | Korbac the Ghoul Berserker began the quest for the Orb.
     0 | D:1      | Reached XP level 1. HP: 19/19 MP: 0/0
   132 | D:1      | Reached XP level 2. HP: 17/26 MP: 1/1
   502 | D:2      | Reached skill level 4 in Unarmed Combat
   502 | D:2      | Reached XP level 3. HP: 24/31 MP: 2/2
   514 | D:2      | Reached ** piety under Trog
   566 | D:2      | Found an oddly glowing altar of Pakellas.
   568 | D:2      | Found a shadowy altar of Dithmenos.
   976 | D:3      | Reached XP level 4. HP: 37/40 MP: 3/3
  1130 | D:3      | Found a faded altar to an unknown god.
  1233 | D:3      | HP: 1/39 [gnoll/whip (11)]
  1306 | D:3      | Reached skill level 5 in Unarmed Combat
  1424 | D:3      | Reached XP level 5. HP: 37/45 MP: 4/4
  1778 | D:4      | Noticed an ogre
  1790 | D:4      | Killed an ogre
  1827 | D:4      | Reached XP level 6. HP: 31/53 MP: 5/5
  1997 | D:4      | Noticed a phantom
  2038 | D:4      | Killed a phantom
  2087 | D:5      | Entered Level 5 of the Dungeon
  2095 | D:5      | Noticed a slave
  2095 | D:5      | Noticed a slave
  2096 | D:5      | Noticed Pikel
  2098 | D:5      | Noticed a slave
  2102 | D:5      | Noticed a slave
  2124 | D:5      | Killed a slave
  2148 | D:5      | HP: 1/53 [Pikel/whip of flaming (2)]
  2158 | D:4      | Slain by a slave

Skill      XL: |  1  2  3  4  5 |
---------------+----------------+-----
Dodging        | 2 3 |  3.3
Unarmed Combat | 4 5 |  5.8
Fighting       | 4 |  4.9
Armour         | 2 |  2.4
Stealth        | |  0.2

Action                   |  1- 3 |  4- 6 || total
-------------------------+-------+-------++-------
Melee: Unarmed           |    80 |   154 ||   234
       Punch             |     1 |     3 ||     4
Invok: Burn Spellbooks   |       |     1 ||     1
       Trog's Hand       |       |     1 ||     1
  Use: Scroll            |     2 |     1 ||     3
       Potion            |     1 |     1 ||     2
  Eat: Chunk             |    12 |    24 ||    36
       Meat ration       |     1 |     1 ||     2
       Beef jerky        |       |     1 ||     1
Armor: Animal skin       |     8 |       ||     8
       Leather armour    |    22 |    19 ||    41
Dodge: Dodged            |    50 |   110 ||   160
